 Dungeon Crawl Stone Soup version 0.23-a0-391-g8c51ad5 (webtiles) character file.

137 BingusPrime the Insei (level 5, -1/60 HPs)
             Began as a Draconian Transmuter on Oct 30, 2018.
             Slain by a gnoll
             ... wielding a +0 spear
              (4 damage)
             ... on level 3 of the Dungeon.
             The game lasted 00:05:11 (1942 turns).

BingusPrime the Insei (Draconian Transmuter)        Turns: 1942, Time: 00:05:11

Health: -1/60      AC:  5    Str: 14 (17) XL:     5   Next: 0%
Magic:  1/8        EV: 12    Int: 13 (14) God:
Gold:   101        SH:  0    Dex:  9 (12) Spells: 6/9 levels left

rFire    . . .     SeeInvis .     - Unarmed
rCold    . . .     Gourm    .   (no shield)
rNeg     . . .     Faith    .   (armour unavailable)
rPois    .         Spirit   .   (helmet restricted)
rElec    .         Reflect  .   (no cloak)
rCorr    .         Harm     .   (no gloves)
MR       .....                  (no boots)
Stlth    ..........             (no amulet)
HPRegen  0.20/turn              (no ring)
MPRegen  0.11/turn              (no ring)

@: berserking, flying, very slightly contaminated, very quick
A: unfitting armour, cold-blooded, AC +5
a: no special abilities


You were on level 3 of the Dungeon.
You were very hungry.

You visited 1 branch of the dungeon, and saw 3 of its levels.

You collected 101 gold pieces.

Inventory:

Missiles
 a - 8 arrows
Scrolls
 d - 2 scrolls of immolation {unknown}
 e - a scroll of enchant weapon {unknown}
 f - a scroll of identify {unknown}
 g - 3 scrolls of teleportation {unknown}
 i - a scroll of magic mapping {unknown}
Potions
 k - a potion of brilliance {unknown}
Comestibles
 c - 7 rations


   Skills:
 + Level 1.1 Fighting
 + Level 2.2 Dodging
 + Level 0.7 Stealth
 * Level 4.9 Unarmed Combat
 + Level 2.5 Spellcasting
 + Level 2.2 Transmutations


You had 6 spell levels left.
You knew the following spells:

 Your Spells              Type           Power        Failure   Level  Hunger
a - Beastly Appendage     Tmut           #.....       10%         1    #......
b - Sticks to Snakes      Tmut           #.......     14%         2    ###....

Your spell library contained the following spells:

 Spells                   Type           Power        Failure   Level  Hunger
 Confusing Touch          Hex            #.....       24%         1    #......
 Spider Form              Tmut/Pois      #.........   41%         3    ###....
 Confuse                  Hex            #.......     58%         3    ###....
 Gell's Gravitas          Tloc           #.........   58%         3    ###....
 Ice Form                 Ice/Tmut       #.......     83%         4    #####..
 Petrify                  Tmut/Erth      #.......     83%         4    #####..
 Blade Hands              Tmut           #.........   95%         5    ######.
 Yara's Violent Unravell  Hex/Tmut       #.........   99%         5    ######.
 Metabolic Englaciation   Hex/Ice        #.........   100%        5    ######.


Dungeon Overview and Level Annotations

Branches:
Dungeon (3/15)

Altars:


Innate Abilities, Weirdness & Mutations

Your plain brown scales are hard. (AC +5)
You cannot fit into any form of body armour.
You are cold-blooded and may be slowed by cold attacks.


Message History

Your ball python grabs the gnoll.
Your ball python constricts the gnoll.
The gnoll hits your ball python with a +0 spear.
Your ball python dies!
You closely miss the leopard gecko. Your kick misses the leopard gecko.
The leopard gecko bites you.
* * * LOW HITPOINT WARNING * * *
It was a potion of flight.
You feel very buoyant.
You fly up into the air.
The leopard gecko bites you but does no damage. x2
It was a potion of berserk rage.
A red film seems to cover your vision as you go berserk!
You feel yourself moving faster!
You feel mighty!
Your talons disappear.
The leopard gecko bites you but does no damage.
You punch the leopard gecko!
You kill the leopard gecko!
You have reached level 5!
The gnoll hits you from afar with a +0 spear.
You die...

########....######..
....# #
#..(...........
..... #
##.####....####
.....# ## ##..#
#....#####.....#
.###..##
#.#......).....#
..#.>##
#.###$##g#..####
#...## #.# #.##g#
...# #..## #.#
#.#..# ..# #.#####
#.# #.@.## ...
...<..# #. ##..# ..
......# #..# .
......# .... ......#
..#### ......# .#.
......# .. #######
..


You could see 2 gnolls.

Vanquished Creatures
  4 gnolls
  4 adders
  A worm (D:2)
  A leopard gecko (D:3)
  9 bats
  3 giant cockroaches
  3 goblins
  3 hobgoblins
  2 jackals (D:2)
  2 ball pythons
  3 frilled lizards
  6 kobolds
  5 rats
46 creatures vanquished.

Vanquished Creatures (collateral kills)
  A gnoll (D:3)
  An adder (D:2)
  A leopard gecko (D:3)
3 creatures vanquished.

Grand Total: 49 creatures vanquished

Notes
Turn   | Place    | Note
-------+----------+-------------------------------------------
     0 | D:1      | BingusPrime the Draconian Transmuter began the quest for
                  | the Orb.
     0 | D:1      | Reached XP level 1. HP: 16/16 MP: 3/3
   355 | D:1      | Reached XP level 2. HP: 16/23 MP: 3/5
   447 | D:1      | Learned a level 2 spell: Sticks to Snakes
   751 | D:2      | Reached skill level 4 in Unarmed Combat
   751 | D:2      | Reached XP level 3. HP: 28/28 MP: 4/6
   978 | D:2      | Reached XP level 4. HP: 35/35 MP: 1/7
  1939 | D:3      | HP: 1/35 [leopard gecko (1)]
  1942 | D:3      | Reached XP level 5. HP: 3/40 MP: 1/8
  1942 | D:3      | Slain by a gnoll

Vault maps used:
D:1:      tarquinn_simple_flora_water_f
D:2:      first_ration

Skill      XL: |  1  2  3  4 |
---------------+-------------+-----
Unarmed Combat | 4 |  4.9
Dodging        | 2 |  2.2
Fighting       | |  1.1
Stealth        | |  0.7
Spellcasting   | |  2.5
Transmutations | |  2.2

Action                   |  1- 3 |  4- 6 || total
-------------------------+-------+-------++-------
Melee: Unarmed           |    98 |    69 ||   167
       Kick              |    15 |     7 ||    22
       Tailslap          |     6 |     8 ||    14
       Headbutt          |     5 |     2 ||     7
       Punch             |     1 |       ||     1
 Cast: Beastly Appendage |    18 |     8 ||    26
       Sticks to Snakes  |     2 |     2 ||     4
  Use: Potion            |       |     3 ||     3
 Stab: Sleeping          |       |     1 ||     1
  Eat: Chunk             |       |     3 ||     3
Armor: Skin              |    27 |    27 ||    54
Dodge: Dodged            |    76 |    50 ||   126

Table legend:
 A = Non-vault XP
 B = Vault XP
 C = Vault XP percentage of total XP
 D = Non-vault monster count
 E = Vault monster count
 F = Vault count percentage of total count
                 A         B        C        D         E       F
            +---------+---------+-------+---------+---------+-------
      Total |     196 |       0 |   0.0 |      49 |       0 |   0.0
            +---------+---------+-------+---------+---------+-------
        D:1 |      14 |       0 |   0.0 |       9 |       0 |   0.0
        D:2 |     129 |       0 |   0.0 |      27 |       0 |   0.0
        D:3 |      53 |       0 |   0.0 |      13 |       0 |   0.0
            +---------+---------+-------+---------+---------+-------
